 Dungeon Crawl Stone Soup version 0.28-a0-1447-ga5a8893891 (webtiles) character file.

Game seed: 7544963915149669644

190 Shayle the Ducker (level 6, 0/50 HPs)
             Began as a Djinni Hedge Wizard on Jan 12, 2022.
             Slain by a sky beast (5 damage)
             ... on level 3 of the Dungeon.
             The game lasted 00:11:15 (3172 turns).

Shayle the Ducker (Djinni Hedge Wizard)             Turns: 3172, Time: 00:11:16

Health: 0/50       AC:  2    Str:  9    XL:     6   Next: 1%
Gold:   163        EV: 14    Int: 18    God:
                   SH:  0    Dex: 12

rFire   + + .      SeeInvis .   e - +3 spear
rCold   x . .      Faith    .   (no shield)
rNeg    . . .      Spirit   .   b - +0 robe
rPois   ∞          Reflect  .   c - +0 hat
rElec   .          Harm     .   (no cloak)
rCorr   .          Rampage  .   (no gloves)
Will    .....                   (boots unavailable)
Stlth   +++.......              (no amulet)
HPRegen 0.16/turn               (no ring)
MPRegen 0.00/turn               (no ring)

@: flying
A: sickness immunity, fire resistance 2, cold vulnerability 1, float, innate
caster, hp casting, extra vitality 1
a: no special abilities


You were on level 3 of the Dungeon.
You visited 1 branch of the dungeon, and saw 4 of its levels.

You collected 163 gold pieces.

Inventory:

Hand Weapons
 a - a +0 dagger
 e - a +3 spear (weapon)
Armour
 b - a +0 robe (worn)
 c - a +0 hat (worn)
Jewellery
 f - a ring of resist corrosion
Scrolls
 d - 6 scrolls of fog {unknown}
 g - 3 scrolls of identify {unknown}
 k - a scroll of vulnerability {unknown}
 l - a scroll of noise {unknown}
 m - a scroll of immolation {unknown}
 n - a scroll of torment {unknown}
 o - a scroll of teleportation {unknown}
 q - a scroll of fear {unknown}
 r - a scroll of acquirement {unknown}
Potions
 h - a potion of mutation {unknown}
 i - a potion of magic {unknown}
 j - a potion of experience
 p - a potion of might {unknown}


   Skills:
 + Level 6.1 Fighting
 + Level 7.4 Dodging
 + Level 6.1 Stealth
 + Level 5.5 Spellcasting


You had one spell level left.
You knew the following spells:

 Your Spells              Type           Power      Damage    Failure   Level
a - Magic Dart            Conj           96%        1d7       1%          1
b - Blink                 Tloc           48%        N/A       1%          2
c - Call Imp              Summ           24%        N/A       1%          2
d - Slow                  Hex            96%        N/A       1%          1
e - Conjure Flame         Conj/Fire      24%        6-21      4%          3
f - Mephitic Cloud        Conj/Pois/Air  24%        N/A       4%          3
g - Apportation           Tloc           48%        N/A       1%          1
h - Wereblood             Tmut           24%        N/A       1%          2
Your spell library was empty.

Dungeon Overview and Level Annotations

Branches:
Dungeon (4/15)
 Temple: D:4-7

Altars:

Shops:
D:3 !


Innate Abilities, Weirdness & Mutations

You are immune to sickness and miasma.
You are immune to poison.
Your flesh is very heat resistant. (rF++)
You are vulnerable to cold. (rC-)
You float through the air rather than walking.
You learn spells naturally, not from books.
Your magical power is your life essence.
You have superior vitality. (+4 MHP)


Message History

The magic dart hits the adder skeleton.
The adder skeleton is lightly damaged.
Casting: Magic Dart (safe; 4% risk of failure)
Confirm with . or Enter, or press ? or * to list all spells.
Aiming: Magic Dart (safe; 4% risk of failure)
Press: ? - help, Shift-Dir - straight line, f/p - adder skeleton
Aim: an adder skeleton (lightly damaged, 100% to hit)
The magic dart hits the adder skeleton.
The adder skeleton is moderately damaged.
A sky beast appears from thin air!
Reactivating autopickup.
The sky beast hits you. The sky beast shocks you.
You fly upwards.
There is a stone staircase leading down here.
Casting: Magic Dart (safe; 4% risk of failure)
Confirm with . or Enter, or press ? or * to list all spells.
A beastly little devil appears in a puff of flame.
The sky beast hits you but does no damage.
You puncture the sky beast!
The sky beast is moderately wounded.
The sky beast flickers out of sight!
Deactivating autopickup; reactivate with Ctrl-A.
Something hits you but does no damage.
You miss something. Something hits you. Something shocks you.
You hit something. Something completely misses you.
You hit something. Something hits you.
* * * LOW HITPOINT WARNING * * *
Something shocks you.
* * * LOW HITPOINT WARNING * * *
It was a potion of experience.
You feel more experienced!
Your Fighting skill gained 5 levels and is now at level 6!
Your Dodging skill gained 4 levels and is now at level 7!
Your Stealth skill gained 4 levels and is now at level 6!
Your Spellcasting skill gained 3 levels and is now at level 5!
You have reached level 6!
Something hits you.
* * * LOW HITPOINT WARNING * * *
Something shocks you.
You die...

..................÷..##....##.#
##..###..####.#...#####....##.###
#..# #..# #.#...#####......(...
##..# #..####........##...###.###
###.# #.......................# #
#.# ##.####..#.#.##########.#
###.####'####..#.#'####### #.#
#..............#.........# #.#
#.#.#...........@5.......# #.#
#...#........#.#{........# ###
########.....#+#...####### #
#.........#.#####
##........#.#...##########
#........###...'.........
#........# #...##########
#........# ##### # #....)...#
######


You could see a friendly crimson imp (summoned).

Vanquished Creatures
  2 adders
  A worm (D:2)
  2 dart slugs (D:2)
  4 orcs (D:3)
  3 endoplasms
  A giant cockroach (D:3)
  A hobgoblin (D:1)
  5 quokkas
  5 ball pythons
  6 bats
  3 frilled lizards
  6 goblins
  6 rats
45 creatures vanquished.

Vanquished Creatures (collateral kills)
  A gnoll (D:1)
  An adder (D:3)
  A worm (D:2)
  An orc (D:3)
  A kobold (D:3)
5 creatures vanquished.

Grand Total: 50 creatures vanquished

Notes
Turn   | Place    | Note
-------+----------+-------------------------------------------
     0 | D:1      | Shayle the Djinni Hedge Wizard began the quest for the Orb.
     0 | D:1      | Reached XP level 1. HP: 15/15 MP: 0/0
   406 | D:1      | Found a faded altar of an unknown god.
   431 | D:1      | Reached XP level 2. HP: 17/21 MP: 0/0
   700 | D:1      | Reached XP level 3. HP: 25/25 MP: 0/0
   700 | D:1      | Learned a level 1 spell: Apportation
  1537 | D:2      | Reached skill level 3 in Dodging
  1580 | D:2      | Reached XP level 4. HP: 28/31 MP: 0/0
  1933 | D:2      | Reached skill level 1 in Fighting
  2003 | D:3      | Found Eror's Distillery.
  2877 | D:3      | Reached XP level 5. HP: 34/37 MP: 0/0
  2877 | D:3      | Learned a level 2 spell: Wereblood
  3159 | D:4      | Noticed a sky beast
  3172 | D:3      | Reached skill level 7 in Dodging
  3172 | D:3      | Reached skill level 5 in Spellcasting
  3172 | D:3      | Reached XP level 6. HP: 8/50 MP: 0/0
  3172 | D:3      | Slain by a sky beast

Illustrated notes

Levels and vault maps discovered:
D:1:      scummos_arrival_simple_crosswalls, layout_loops_corners,
          dreamdust_ecumenical_altar_angels_and_demons
D:2:      minmay_wonky_spiral, layout_rooms
D:3:      layout_basic, serial_shops, shop
D:4:      layout_basic, nicolae_gozag_zags_fifth_avenue, uniq_natasha,
          uniq_grinder

Skill      XL: |  1  2  3  4  5 |
---------------+----------------+-----
Stealth        | 2 6 |  6.1
Dodging        | 3 7 |  7.4
Fighting       | 1 6 |  6.1
Spellcasting   | 5 |  5.5

Action                   |  1- 3 |  4- 6 || total
-------------------------+-------+-------++-------
Melee: Spear             |    44 |    29 ||    73
       Dagger            |     2 |       ||     2
 Cast: Magic Dart        |    18 |    35 ||    53
       Call Imp          |     2 |     6 ||     8
  Use: Potion            |       |     1 ||     1
 Stab: Sleeping          |     5 |       ||     5
Armor: Robe              |    16 |     3 ||    19
Dodge: Dodged            |    30 |    15 ||    45

Table legend: (Time is in decaauts)
 A = Elapsed time spent in this place.
 B = Non-inter-level travel time spent in this place.
 C = Inter-level travel time spent in this place.
 D = Time resting spent in this place.
 E = Time spent auto-exploring this place.
 F = Levels seen in this place.
 G = Mean time per level.
                   A        B        C        D        E       F      G
               +--------+--------+--------+--------+--------+-----+--------+
         Total |   3178 |   3116 |     62 |    181 |   2430 |   4 |  794.5 |
       Dungeon |   3178 |   3116 |     62 |    181 |   2430 |   4 |  794.5 |
               +--------+--------+--------+--------+--------+-----+--------+

Top non-repeatable levels by time:
     D:1: 1328 daAuts
     D:3: 1167 daAuts
     D:2: 676 daAuts
     D:4: 6 daAuts
